[Event "GambitGuide"]
[Site "Internet Chess Club"]
[Date "2014.10.30"]
[Round "1"]
[White "JSBach"]
[Black "Darienor"]
[Result "0-1"]
[ICCResult "White checkmated"]
[WhiteElo "1668"]
[BlackElo "2708"]
[Opening "Vienna: `Frankenstein-Dracula' variation"]
[ECO "C27"]
[NIC "VG.02"]
[Time "22:34:45"]
[TimeControl "120+12"]

1. e4 e5 2. Nc3 Nf6 3. Bc4 Nxe4 4. Qh5 Nd6 5. Bb3 Nc6 6. Nb5 g6 7. Qf3 f5 8.
Qd5 Qe7 9. Nxc7+ Kd8 10. Nxa8 b6 11. Ba4 Bb7 12. Nxb6 axb6 13. Qb3 Kc7 14.
Ne2 Ne4 15. Qb5 Nd4 16. Nxd4 exd4 17. O-O Bc6 18. Qa6 Nc5 19. Qa7+ Bb7 20.
Bb3 Bg7 21. d3 Ra8 22. Bf4+ d6 23. Rae1 Be5 24. Rxe5 dxe5 25. Bg5 Qxg5 26.
Qxb7+ Nxb7 27. g3 f4 28. Bd5 Rd8 29. Bf7 Nc5 30. h4 Qg4 31. b4 Qxg3+ 32.
fxg3 Nd7 33. gxf4 Rf8 34. fxe5 Nxe5 35. Bd5 Rd8 36. Be4 Rd6 37. Re1 Ng4 38.
Rf1 Ne3 39. Rf2 Rd7 40. Re2 Re7 41. Kf2 Kd6 42. c4 Ra7 43. b5 Kc5 44. Kg3
Kb4 45. Kf4 Kc3 46. Kg5 Rf7 47. Kh6 Re7 48. Kg5 Re5+ 49. Kf4 Rh5 50. Rh2 g5+
51. Kg3 Rh6 52. Rh1 g4 53. Rg1 Rf6 54. c5 bxc5 55. a4 Kb4 56. Ra1 h5 57. Ra2
Ka5 58. Ra3 Nf5+ 59. Bxf5 Rxf5 60. Kg2 Rf3 61. Kh2 c4 62. b6 Kxb6 63. a5+
Ka6 64. Ra4 cxd3 65. Kg2 Rf4 66. Kg3 Re4 67. Ra2 Re2 68. Ra1 d2 69. Rd1 Kxa5
70. Kf4 Kb4 71. Kg5 Kc3 72. Ra1 Re1 73. Ra3+ Kc4 74. Ra8 d1=Q 75. Rc8+ Kd3
76. Ra8 Qf3 77. Ra5 Re4 78. Kxh5 g3+ 79. Kg6 Rg4+ 80. Rg5 Qe4+ 81. Kf6 Rf4+
82. Kg7 Qe7+ 83. Kh6 Rf6+ 84. Rg6 Qf8+ 85. Kh5 Rxg6 86. Kxg6 g2 87. Kh5 Qh8+
88. Kg4 g1=Q+ 89. Kf5 Qf2+ 90. Kg5 Qff6+ 91. Kg4 Qhxh4# {White checkmated}
0-1

[Event "GambitGuide"]
[Site "Internet Chess Club"]
[Date "2014.10.30"]
[Round "1"]
[White "JSBach"]
[Black "SkorpionDefense"]
[Result "0-1"]
[ICCResult "White checkmated"]
[WhiteElo "1668"]
[BlackElo "2253"]
[Opening "Vienna: `Frankenstein-Dracula' variation"]
[ECO "C27"]
[NIC "VG.02"]
[Time "22:40:25"]
[TimeControl "120+12"]

1. e4 e5 2. Nc3 Nf6 3. Bc4 Nxe4 4. Qh5 Nd6 5. Bb3 Nc6 6. Nb5 g6 7. Qf3 f5 8.
Qd5 Qe7 9. Nxc7+ Kd8 10. Nxa8 b6 11. Ba4 Bb7 12. Nxb6 axb6 13. Qb3 Kc7 14.
Ne2 Bh6 15. d3 Bxc1 16. Rxc1 Nd4 17. Nxd4 exd4+ 18. Kd1 Bxg2 19. c3 Bf3+ 20.
Kc2 Bxh1 21. Rxh1 Qe2+ 22. Kc1 Qxf2 23. cxd4 Qxd4 24. Kb1 Nb7 25. Rc1+ Nc5
26. Qb5 Kb7 27. Bc2 Re8 28. b4 Na6 29. a3 Nc7 30. Qa4 Ra8 31. Qb3 Nb5 32. a4
Nc3+ 33. Kb2 Nxa4+ 34. Kb1 Nc3+ 35. Qxc3 Qxc3 36. Ba4 Qxb4+ 37. Kc2 Qxa4+
38. Kd2 Qf4+ 39. Kd1 Ra2 40. Rc2 Qf1+ 41. Kd2 Qf2+ 42. Kc3 Qc5+ 43. Kb3
Qxc2+ 44. Kb4 Ra4+ 45. Kb5 Qc6# {White checkmated} 0-1

[Event "GambitGuide"]
[Site "Internet Chess Club"]
[Date "2014.10.30"]
[Round "1"]
[White "JSBach"]
[Black "maxhappy"]
[Result "1-0"]
[ICCResult "Black resigns"]
[WhiteElo "1668"]
[BlackElo "1972"]
[Opening "Vienna: `Frankenstein-Dracula' variation"]
[ECO "C27"]
[NIC "VG.02"]
[Time "22:44:16"]
[TimeControl "120+12"]

1. e4 e5 2. Nc3 Nf6 3. Bc4 Nxe4 4. Qh5 Nd6 5. Bb3 Nc6 6. Nb5 g6 7. Qf3 f5 8.
Qd5 Qe7 9. Nxc7+ Kd8 10. Nxa8 b6 11. Ba4 Bb7 12. Nxb6 axb6 13. Qb3 Kc7 14.
Ne2 Qe6 15. Qxe6 dxe6 16. d3 Bg7 17. Be3 Ra8 18. Bxc6 Bxc6 19. Rg1 Rb8 20.
Rd1 e4 21. d4 e5 22. d5 Bd7 23. Bd2 Kd8 24. Bb4 Ke7 25. Bxd6+ Kxd6 26. c4
Ra8 27. Nc1 Bh6 28. a3 Ba4 29. b3 Bd7 30. a4 Kc5 31. Ne2 e3 32. f3 f4 33.
Rf1 Bf5 34. Rc1 Rd8 35. Kd1 g5 36. Rg1 e4 37. Rf1 exf3 38. Rxf3 g4 39. Rf1
Be4 40. Nxf4 Rf8 41. Ne6+ {Black resigns} 1-0

[Event "GambitGuide"]
[Site "Internet Chess Club"]
[Date "2014.10.30"]
[Round "1"]
[White "JSBach"]
[Black "Darienor"]
[Result "0-1"]
[ICCResult "White checkmated"]
[WhiteElo "1668"]
[BlackElo "2708"]
[Opening "Vienna: `Frankenstein-Dracula' variation"]
[ECO "C27"]
[NIC "VG.02"]
[Time "22:44:38"]
[TimeControl "120+12"]

1. e4 e5 2. Nc3 Nf6 3. Bc4 Nxe4 4. Qh5 Nd6 5. Bb3 Nc6 6. Nb5 g6 7. Qf3 f5 8.
Qd5 Qe7 9. Nxc7+ Kd8 10. Nxa8 b6 11. Ba4 Bb7 12. Nxb6 axb6 13. Qb3 Kc7 14.
Ne2 Ne4 15. Qb5 Nd4 16. Nxd4 exd4 17. O-O Bc6 18. Qa6 Nc5 19. Qa7+ Bb7 20.
Bb3 Bg7 21. d3 Ra8 22. Bf4+ d6 23. Rae1 Be5 24. Rxe5 dxe5 25. Bg5 Qxg5 26.
Qxb7+ Nxb7 27. Re1 f4 28. h4 Qf5 29. Bc4 Rd8 30. Re2 Nc5 31. Re1 f3 32. gxf3
Qxf3 33. Rxe5 Qd1+ 34. Kh2 Qg4 35. Re7+ Rd7 36. Re8 Qxh4+ 37. Kg2 Qg4+ 38.
Kh2 b5 39. Bxb5 Rd5 40. Re7+ Kb6 41. Rxh7 Kxb5 42. Rh8 Rf5 43. c4+ dxc3 44.
Rb8+ Kc6 45. Rc8+ Kb7 46. Rxc5 Rxf2+ 47. Kh1 Qg2# {White checkmated} 0-1

[Event "GambitGuide"]
[Site "Internet Chess Club"]
[Date "2014.10.30"]
[Round "1"]
[White "JSBach"]
[Black "Darienor"]
[Result "0-1"]
[ICCResult "White checkmated"]
[WhiteElo "1668"]
[BlackElo "2708"]
[Opening "Vienna: `Frankenstein-Dracula' variation"]
[ECO "C27"]
[NIC "VG.02"]
[Time "22:45:47"]
[TimeControl "120+12"]

1. e4 e5 2. Nc3 Nf6 3. Bc4 Nxe4 4. Qh5 Nd6 5. Bb3 Nc6 6. Nb5 g6 7. Qf3 f5 8.
Qd5 Qe7 9. Nxc7+ Kd8 10. Nxa8 b6 11. Ba4 Bb7 12. Nxb6 axb6 13. Qb3 Kc7 14.
Ne2 Ne4 15. d3 Nc5 16. Qa3 Qf6 17. Bb5 Bd6 18. O-O Ra8 19. Qc3 Nd4 20. Nxd4
exd4 21. Qc4 Qe5 22. g3 Qe2 23. b4 Qf3 24. Bc6 Bxc6 25. Qd5 Bxd5 26. bxc5
Qh1# {White checkmated} 0-1

[Event "GambitGuide"]
[Site "Internet Chess Club"]
[Date "2014.10.30"]
[Round "1"]
[White "JSBach"]
[Black "captain"]
[Result "1-0"]
[ICCResult "Black resigns"]
[WhiteElo "1668"]
[BlackElo "1146"]
[Opening "Vienna: `Frankenstein-Dracula' variation"]
[ECO "C27"]
[NIC "VG.02"]
[Time "22:39:47"]
[TimeControl "120+12"]

1. e4 e5 2. Nc3 Nf6 3. Bc4 Nxe4 4. Qh5 Nd6 5. Bb3 Nc6 6. Nb5 g6 7. Qf3 f5 8.
Qd5 Qe7 9. Nxc7+ Kd8 10. Nxa8 b6 11. Ba4 Bb7 12. Nxb6 axb6 13. Qb3 b5 14.
Nf3 bxa4 15. Qxa4 Nd4 16. Nxd4 exd4+ 17. Kf1 Bg7 18. b4 Bc6 19. Qa5+ Ke8 20.
d3 Kf7 21. Bd2 Ra8 22. Qc5 Nb5 23. Qxe7+ Kxe7 24. a4 Nc3 25. b5 Bd5 26. Bxc3
dxc3 27. a5 Bd4 28. Re1+ Kd6 29. a6 Bb6 30. Rg1 Bd8 31. Ke2 Kc5 32. Rb1 Bb6
33. Kd1 Re8 34. g3 Bf3+ 35. Kc1 Re2 36. Rb3 Kd4 37. Rf1 h5 38. Rb4+ Kc5 39.
Rf4 Bd5 40. g4 hxg4 41. Kd1 Bf3 42. a7 Bxa7 43. Kc1 d5 44. h3 Kxb5 45. hxg4
fxg4 46. Rf6 Bg2 47. Rd1 Bxf2 48. Rxg6 g3 49. Kb1 Bf3 50. Rf6 Bg4 51. Rf4
Bd7 52. Rf7 Bc6 53. Rg7 d4 54. Rg5+ Kb6 55. Rg8 g2 56. Rg7 Re5 57. Rg8 Rb5+
58. Ka1 Ra5+ 59. Kb1 Bd5 60. Rg6+ Kb5 61. Rg5 Kb4 62. Rg7 Ba2+ 63. Ka1 Bb3+
64. Kb1 Bf7 65. Rxf7 Rg5 66. Rxf2 g1=Q 67. Rxg1 Rxg1+ 68. Ka2 Rc1 69. Rh2
Kc5 70. Rf2 Kd5 71. Rf5+ Ke6 72. Rf2 Re1 73. Kb3 Re5 74. Kc4 Kd6 75. Kxd4
Rd5+ 76. Kxc3 {Black resigns} 1-0

[Event "GambitGuide"]
[Site "Internet Chess Club"]
[Date "2014.10.30"]
[Round "1"]
[White "JSBach"]
[Black "maxhappy"]
[Result "1-0"]
[ICCResult "Black resigns"]
[WhiteElo "1668"]
[BlackElo "1972"]
[Opening "Vienna: `Frankenstein-Dracula' variation"]
[ECO "C27"]
[NIC "VG.02"]
[Time "22:45:33"]
[TimeControl "120+12"]

1. e4 e5 2. Nc3 Nf6 3. Bc4 Nxe4 4. Qh5 Nd6 5. Bb3 Nc6 6. Nb5 g6 7. Qf3 f5 8.
Qd5 Qe7 9. Nxc7+ Kd8 10. Nxa8 b6 11. Ba4 Bb7 12. Nxb6 axb6 13. Qb3 Nc8 14.
Ne2 Bh6 15. Qh3 Bg7 16. O-O Kc7 17. Re1 e4 18. Qb3 Rd8 19. d3 d5 20. dxe4
dxe4 21. Bf4+ Be5 22. Bxc6 Bxc6 23. Bxe5+ Qxe5 24. Red1 Nd6 25. Nd4 Bd7 26.
Qh3 Bc8 27. Qxh7+ {Black resigns} 1-0

[Event "GambitGuide"]
[Site "Internet Chess Club"]
[Date "2014.10.30"]
[Round "1"]
[White "JSBach"]
[Black "maxhappy"]
[Result "1-0"]
[ICCResult "Black resigns"]
[WhiteElo "1668"]
[BlackElo "1972"]
[Opening "Vienna: `Frankenstein-Dracula' variation"]
[ECO "C27"]
[NIC "VG.02"]
[Time "22:46:34"]
[TimeControl "120+12"]

1. e4 e5 2. Nc3 Nf6 3. Bc4 Nxe4 4. Qh5 Nd6 5. Bb3 Nc6 6. Nb5 g6 7. Qf3 f5 8.
Qd5 Qe7 9. Nxc7+ Kd8 10. Nxa8 b6 11. Ba4 Nb4 12. Qb3 Nb7 13. a3 Nc6 14. Nxb6
axb6 15. Qxb6+ Ke8 16. Bxc6 {Black resigns} 1-0

[Event "GambitGuide"]
[Site "Internet Chess Club"]
[Date "2014.10.30"]
[Round "1"]
[White "JSBach"]
[Black "hatorade"]
[Result "1-0"]
[ICCResult "Black resigns"]
[WhiteElo "1668"]
[BlackElo "1929"]
[Opening "Vienna: `Frankenstein-Dracula' variation"]
[ECO "C27"]
[NIC "VG.02"]
[Time "22:45:56"]
[TimeControl "120+12"]

1. e4 e5 2. Nc3 Nf6 3. Bc4 Nxe4 4. Qh5 Nd6 5. Bb3 Nc6 6. Nb5 g6 7. Qf3 f5 8.
Qd5 Qe7 9. Nxc7+ Kd8 10. Nxa8 b6 11. Ba4 Bb7 12. Nxb6 axb6 13. Qb3 Kc7 14.
Ne2 Bg7 15. Nc3 Nd4 16. Nd5+ Bxd5 17. Qxd5 Rc8 18. Bb3 Kd8 19. Qg8+ Qf8 20.
Qxh7 Nxb3 21. axb3 Qf7 22. c3 e4 23. Ra7 Ne8 24. b4 Nf6 25. Qh4 Ke8 26. O-O
Ng4 27. Re1 Ne5 28. Qg3 Nd3 29. Qxd3 {Black resigns} 1-0

[Event "GambitGuide"]
[Site "Internet Chess Club"]
[Date "2014.10.30"]
[Round "1"]
[White "JSBach"]
[Black "maxhappy"]
[Result "1-0"]
[ICCResult "Black resigns"]
[WhiteElo "1668"]
[BlackElo "1972"]
[Opening "Vienna: `Frankenstein-Dracula' variation"]
[ECO "C27"]
[NIC "VG.02"]
[Time "22:47:23"]
[TimeControl "120+12"]

1. e4 e5 2. Nc3 Nf6 3. Bc4 Nxe4 4. Qh5 Nd6 5. Bb3 Nc6 6. Nb5 g6 7. Qf3 f5 8.
Qd5 Qe7 9. Nxc7+ Kd8 10. Nxa8 b6 11. Ba4 Nb4 12. Qb3 Nb7 13. a3 {Black
resigns} 1-0

[Event "GambitGuide"]
[Site "Internet Chess Club"]
[Date "2014.10.30"]
[Round "1"]
[White "JSBach"]
[Black "Darienor"]
[Result "1-0"]
[ICCResult "Black resigns"]
[WhiteElo "1668"]
[BlackElo "2708"]
[Opening "Vienna: `Frankenstein-Dracula' variation"]
[ECO "C27"]
[NIC "VG.02"]
[Time "22:46:43"]
[TimeControl "120+12"]

1. e4 e5 2. Nc3 Nf6 3. Bc4 Nxe4 4. Qh5 Nd6 5. Bb3 Nc6 6. Nb5 g6 7. Qf3 f5 8.
Qd5 Qe7 9. Nxc7+ Kd8 10. Nxa8 b6 11. Ba4 Bb7 12. Nxb6 axb6 13. Qb3 Kc7 14.
Ne2 Ne4 15. Bb5 Nd4 16. Nxd4 exd4 17. O-O Nc5 18. Qc4 d5 19. Qxd4 Bg7 20.
Qe3 Qd6 21. Re1 Bf6 22. d4 Ne4 23. f3 Bh4 24. Re2 Bf2+ 25. Rxf2 Nxf2 26.
Qxf2 f4 27. Qh4 Rf8 28. Qxh7+ Kb8 29. Qd7 Qb4 30. c3 Qa5 31. Qd6+ Ka7 32.
Qxf8 Qxb5 33. Qf6 Qe2 34. Bxf4 Qxb2 35. Rc1 Qxa2 36. h4 {Black resigns} 1-0

[Event "GambitGuide"]
[Site "Internet Chess Club"]
[Date "2014.10.30"]
[Round "1"]
[White "JSBach"]
[Black "maxhappy"]
[Result "0-1"]
[ICCResult "White checkmated"]
[WhiteElo "1668"]
[BlackElo "1972"]
[Opening "Vienna: `Frankenstein-Dracula' variation"]
[ECO "C27"]
[NIC "VG.02"]
[Time "22:47:53"]
[TimeControl "120+12"]

1. e4 e5 2. Nc3 Nf6 3. Bc4 Nxe4 4. Qh5 Nd6 5. Bb3 Nc6 6. Nb5 g6 7. Qf3 f5 8.
Qd5 Qe7 9. Nxc7+ Kd8 10. Nxa8 b6 11. Ba4 Nd4 12. f4 exf4+ 13. Kd1 Bg7 14. g4
fxg4 15. Nxb6 axb6 16. Rb1 Bb7 17. Bb3 Bxd5 18. Bxd5 Re8 19. Be6 Qxe6 20. a3
Qe1# {White checkmated} 0-1

[Event "GambitGuide"]
[Site "Internet Chess Club"]
[Date "2014.10.30"]
[Round "1"]
[White "JSBach"]
[Black "ChessShady2000"]
[Result "1-0"]
[ICCResult "Black checkmated"]
[WhiteElo "1668"]
[BlackElo "1011"]
[Opening "Vienna: `Frankenstein-Dracula' variation"]
[ECO "C27"]
[NIC "VG.02"]
[Time "22:47:31"]
[TimeControl "120+12"]

1. e4 e5 2. Nc3 Nf6 3. Bc4 Nxe4 4. Qh5 Nd6 5. Bb3 Nc6 6. Nb5 g6 7. Qf3 f5 8.
Qd5 Qe7 9. Nxc7+ Kd8 10. Nxa8 b6 11. Ba4 Bb7 12. Nxb6 axb6 13. Qb3 Kc7 14.
Ne2 Bg7 15. Nc3 Nd4 16. Nd5+ Kd8 17. Qxb6+ Kc8 18. Qc7# {Black checkmated}
1-0

[Event "GambitGuide"]
[Site "Internet Chess Club"]
[Date "2014.10.30"]
[Round "1"]
[White "JSBach"]
[Black "hatorade"]
[Result "1-0"]
[ICCResult "Black resigns"]
[WhiteElo "1668"]
[BlackElo "1929"]
[Opening "Vienna: `Frankenstein-Dracula' variation"]
[ECO "C27"]
[NIC "VG.02"]
[Time "22:47:40"]
[TimeControl "120+12"]

1. e4 e5 2. Nc3 Nf6 3. Bc4 Nxe4 4. Qh5 Nd6 5. Bb3 Nc6 6. Nb5 g6 7. Qf3 f5 8.
Qd5 Qe7 9. Nxc7+ Kd8 10. Nxa8 b6 11. Ba4 Bb7 12. Nxb6 axb6 13. Qb3 Kc7 14.
Ne2 Ne4 15. Qb5 Nc5 16. O-O Bg7 17. Nc3 Nd4 18. Qc4 d5 19. Qb4 Ra8 20. Re1
Nxa4 21. Qxe7+ {Black resigns} 1-0

[Event "GambitGuide"]
[Site "Internet Chess Club"]
[Date "2014.10.30"]
[Round "1"]
[White "JSBach"]
[Black "captain"]
[Result "1-0"]
[ICCResult "Black resigns"]
[WhiteElo "1668"]
[BlackElo "1146"]
[Opening "Vienna: `Frankenstein-Dracula' variation"]
[ECO "C27"]
[NIC "VG.02"]
[Time "22:46:19"]
[TimeControl "120+12"]

1. e4 e5 2. Nc3 Nf6 3. Bc4 Nxe4 4. Qh5 Nd6 5. Bb3 Nc6 6. Nb5 g6 7. Qf3 f5 8.
Qd5 Qe7 9. Nxc7+ Kd8 10. Nxa8 b6 11. Ba4 Bb7 12. Nxb6 axb6 13. Qb3 b5 14.
Nf3 bxa4 15. Qxa4 Nd4 16. Nxd4 exd4+ 17. Kf1 Bg7 18. Qa7 Ke8 19. a4 Kf7 20.
Rg1 Ra8 21. Qb6 Ra6 22. Qc5 Rc6 23. Qd5+ Qe6 24. Qxe6+ dxe6 25. c3 dxc3 26.
dxc3 Ba6+ 27. Ke1 Nc4 28. f4 e5 29. b3 Nd6 30. Bb2 e4 31. Kd2 Bd3 32. Rgd1
Nb7 33. a5 Ra6 34. b4 Nd6 35. Kc1 Nb5 36. Kd2 Rc6 37. Rac1 h6 38. h4 Bf6 39.
Rh1 Rd6 40. Ke3 Rc6 41. Kd2 Nd6 42. Ke1 Nc4 43. Ba1 e3 44. b5 Rd6 45. a6 e2
46. Rh3 Rb6 47. Rxd3 Rxb5 48. Kxe2 Bxh4 49. a7 Nb6 50. c4 Ra5 51. Bd4 Nxc4
52. Rxc4 Ra2+ 53. Rd2 Rxa7 54. Bxa7 {Black resigns} 1-0

[Event "GambitGuide"]
[Site "Internet Chess Club"]
[Date "2014.10.30"]
[Round "1"]
[White "JSBach"]
[Black "kingal"]
[Result "0-1"]
[ICCResult "White checkmated"]
[WhiteElo "1668"]
[BlackElo "811"]
[Opening "Vienna: `Frankenstein-Dracula' variation"]
[ECO "C27"]
[NIC "VG.02"]
[Time "22:50:18"]
[TimeControl "120+12"]

1. e4 e5 2. Nc3 Nf6 3. Bc4 Nxe4 4. Qh5 Nd6 5. Bb3 Nc6 6. Nb5 g6 7. Qf3 f5 8.
Qd5 Qe7 9. Nxc7+ Kd8 10. Nxa8 b6 11. Ba4 Nd4 12. f4 exf4+ 13. Kd1 Bg7 14. g4
fxg4 15. Nxb6 axb6 16. Qa8 Re8 17. Qxc8+ Kxc8 18. Bxd7+ Kxd7 19. Rb1 Qe1#
{White checkmated}
0-1

[Event "GambitGuide"]
[Site "Internet Chess Club"]
[Date "2014.10.30"]
[Round "1"]
[White "JSBach"]
[Black "ChessShady2000"]
[Result "1-0"]
[ICCResult "Black resigns"]
[WhiteElo "1668"]
[BlackElo "1011"]
[Opening "Vienna: `Frankenstein-Dracula' variation"]
[ECO "C27"]
[NIC "VG.02"]
[Time "22:48:56"]
[TimeControl "120+12"]

1. e4 e5 2. Nc3 Nf6 3. Bc4 Nxe4 4. Qh5 Nd6 5. Bb3 Nc6 6. Nb5 g6 7. Qf3 f5 8.
Qd5 Qe7 9. Nxc7+ Kd8 10. Nxa8 b6 11. Ba4 Bb7 12. Nxb6 axb6 13. Qb3 Kc7 14.
Ne2 Na5 15. Qg3 f4 16. Qg4 Bc6 17. Bb3 Nac4 18. d3 Na5 19. d4 Nxb3 20. axb3
Qf6 21. Ra7+ Nb7 22. dxe5 Qxe5 23. Bxf4 Kb8 24. Bxe5+ Kxa7 25. Bxh8 Bb4+ 26.
Qxb4 Na5 27. Bd4 {Black resigns} 1-0

[Event "GambitGuide"]
[Site "Internet Chess Club"]
[Date "2014.10.30"]
[Round "1"]
[White "JSBach"]
[Black "hatorade"]
[Result "1-0"]
[ICCResult "Black resigns"]
[WhiteElo "1668"]
[BlackElo "1929"]
[Opening "Vienna: `Frankenstein-Dracula' variation"]
[ECO "C27"]
[NIC "VG.02"]
[Time "22:49:07"]
[TimeControl "120+12"]

1. e4 e5 2. Nc3 Nf6 3. Bc4 Nxe4 4. Qh5 Nd6 5. Bb3 Nc6 6. Nb5 g6 7. Qf3 f5 8.
Qd5 Qe7 9. Nxc7+ Kd8 10. Nxa8 b6 11. Ba4 Bb7 12. Nxb6 axb6 13. Qb3 b5 14.
Nf3 bxa4 15. Qxa4 e4 16. Nd4 Nxd4 17. Qxd4 Bg7 18. Qc5 Bc6 19. O-O h5 20.
Re1 h4 21. d3 h3 22. dxe4 Nxe4 23. Qb6+ Kc8 24. Qa6+ Kc7 25. g3 Bd4 26. Be3
Qc5 27. c4 Bxe3 28. Rxe3 f4 29. b4 Qd4 30. Qa5+ Kb8 31. Rae1 fxe3 32. fxe3
Qa7 33. Qe5+ Qc7 34. Qxh8+ Kb7 35. b5 Bxb5 36. cxb5 Qc2 37. Qxh3 Qf2+ 38.
Kh1 Qxe1+ 39. Kg2 Qf2+ 40. Kh1 Qf3+ 41. Qg2 Qd1+ 42. Qg1 Qe2 43. Qg2 d5 44.
Qxe2 {Black resigns} 1-0

[Event "GambitGuide"]
[Site "Internet Chess Club"]
[Date "2014.10.30"]
[Round "1"]
[White "JSBach"]
[Black "Darienor"]
[Result "1-0"]
[ICCResult "Black resigns"]
[WhiteElo "1668"]
[BlackElo "2708"]
[Opening "Vienna: `Frankenstein-Dracula' variation"]
[ECO "C27"]
[NIC "VG.02"]
[Time "22:48:25"]
[TimeControl "120+12"]

1. e4 e5 2. Nc3 Nf6 3. Bc4 Nxe4 4. Qh5 Nd6 5. Bb3 Nc6 6. Nb5 g6 7. Qf3 f5 8.
Qd5 Qe7 9. Nxc7+ Kd8 10. Nxa8 b6 11. Ba4 Bb7 12. Nxb6 axb6 13. Qb3 Kc7 14.
Ne2 Ne4 15. Bb5 Qc5 16. O-O Na5 17. Qd3 Nxf2 18. Qxd7+ Kb8 19. Rxf2 Bd6 20.
Qe6 Bd5 21. Qd7 Rc8 22. Ba6 Rc7 23. Qd8+ Ka7 24. b4 Qxb4 25. c3 Qc5 26. d4
exd4 27. cxd4 Qc6 28. Bb5 Qxb5 29. Qxd6 Rc2 30. Nf4 Rxf2 31. Kxf2 Be4 32.
Qc7+ Ka6 33. Qxh7 Qc4 34. Be3 Qc2+ 35. Kf1 Nc4 36. Qh3 Bd3+ 37. Nxd3 Qxd3+
38. Kf2 Qc2+ 39. Kg1 Qc3 40. Rc1 Qxe3+ 41. Qxe3 Nxe3 42. h4 Kb5 43. Rc3 Nd5
44. Rg3 Kc4 45. Rxg6 Kxd4 46. h5 Nf4 47. Rh6 b5 48. Kh1 b4 49. Kg1 Ke4 50.
Kh1 Kd4 51. Kh2 Ke4 52. Rh8 Ke5 53. h6 Kf6 54. Rb8 Nd3 55. h7 {Black
resigns} 1-0

[Event "GambitGuide"]
[Site "Internet Chess Club"]
[Date "2014.10.30"]
[Round "1"]
[White "JSBach"]
[Black "Ernie1"]
[Result "1-0"]
[ICCResult "Black checkmated"]
[WhiteElo "1668"]
[BlackElo "1381"]
[Opening "Vienna: `Frankenstein-Dracula' variation"]
[ECO "C27"]
[NIC "VG.02"]
[Time "22:50:46"]
[TimeControl "120+12"]

1. e4 e5 2. Nc3 Nf6 3. Bc4 Nxe4 4. Qh5 Nd6 5. Bb3 Nc6 6. Nb5 g6 7. Qf3 f5 8.
Qd5 Qe7 9. Nxc7+ Kd8 10. Nxa8 b6 11. Ba4 Bb7 12. Nxb6 axb6 13. Qb3 Kc7 14.
Ne2 Qg5 15. O-O Nd4 16. Qc3+ Kd8 17. Qh3 e4 18. Nxd4 Bg7 19. Qa3 e3 20. Ne6+
dxe6 21. Qxd6+ Kc8 22. Bd7+ Kd8 23. Bxe6+ Ke8 24. Qd7+ Kf8 25. Qf7#
{Black checkmated}
1-0

[Event "GambitGuide"]
[Site "Internet Chess Club"]
[Date "2014.10.30"]
[Round "1"]
[White "JSBach"]
[Black "maxhappy"]
[Result "0-1"]
[ICCResult "White checkmated"]
[WhiteElo "1668"]
[BlackElo "1972"]
[Opening "Vienna: `Frankenstein-Dracula' variation"]
[ECO "C27"]
[NIC "VG.02"]
[Time "22:51:51"]
[TimeControl "120+12"]

1. e4 e5 2. Nc3 Nf6 3. Bc4 Nxe4 4. Qh5 Nd6 5. Bb3 Nc6 6. Nb5 g6 7. Qf3 f5 8.
Qd5 Qe7 9. Nxc7+ Kd8 10. Nxa8 b6 11. Ba4 Nd4 12. f4 exf4+ 13. Kd1 Bg7 14. b4
Re8 15. Qe6 Qxe6 16. Bb2 Qe1# {White checkmated} 0-1

[Event "GambitGuide"]
[Site "Internet Chess Club"]
[Date "2014.10.30"]
[Round "1"]
[White "JSBach"]
[Black "captain"]
[Result "1-0"]
[ICCResult "Black checkmated"]
[WhiteElo "1668"]
[BlackElo "1146"]
[Opening "Vienna: `Frankenstein-Dracula' variation"]
[ECO "C27"]
[NIC "VG.02"]
[Time "22:50:03"]
[TimeControl "120+12"]

1. e4 e5 2. Nc3 Nf6 3. Bc4 Nxe4 4. Qh5 Nd6 5. Bb3 Nc6 6. Nb5 g6 7. Qf3 f5 8.
Qd5 Qe7 9. Nxc7+ Kd8 10. Nxa8 b6 11. Ba4 Bb7 12. Nxb6 axb6 13. Qb3 b5 14.
Nf3 bxa4 15. Qxa4 Nd4 16. Nxd4 exd4+ 17. Kf1 Bg7 18. b4 Bc6 19. Qa5+ Ke8 20.
d3 Kf7 21. Qc5 Rc8 22. Qb6 Bb5 23. Bf4 Rxc2 24. Kg1 Be5 25. Re1 Rc6 26. Qa5
Kf6 27. Bxe5+ Qxe5 28. Qd8+ Kg7 29. Qxd7+ Kh6 30. Rf1 Rc2 31. Qd8 Qf4 32.
Qf8+ Kg5 33. g3 Qf3 34. Qd8+ Kh6 35. Qf8+ Kg5 36. Qe7+ Kh5 37. Qh4#
{Black checkmated}
1-0

[Event "GambitGuide"]
[Site "Internet Chess Club"]
[Date "2014.10.30"]
[Round "1"]
[White "JSBach"]
[Black "kingsac"]
[Result "1-0"]
[ICCResult "Black resigns"]
[WhiteElo "1668"]
[BlackElo "1964"]
[Opening "Vienna: `Frankenstein-Dracula' variation"]
[ECO "C27"]
[NIC "VG.02"]
[Time "22:51:12"]
[TimeControl "120+12"]

1. e4 e5 2. Nc3 Nf6 3. Bc4 Nxe4 4. Qh5 Nd6 5. Bb3 Nc6 6. Nb5 g6 7. Qf3 f5 8.
Qd5 Qe7 9. Nxc7+ Kd8 10. Nxa8 b6 11. Ba4 Ba6 12. Bxc6 dxc6 13. Qb3 Qb7 14.
Qe6 Nf7 15. Nf3 Bg7 16. d3 Re8 17. Qb3 e4 18. dxe4 Rxe4+ 19. Be3 f4 20.
O-O-O+ Kc8 21. Bd4 Bxd4 22. Nxd4 c5 23. Nc6 c4 24. Qh3+ {Black resigns} 1-0

[Event "GambitGuide"]
[Site "Internet Chess Club"]
[Date "2014.10.30"]
[Round "1"]
[White "JSBach"]
[Black "Darienor"]
[Result "0-1"]
[ICCResult "White checkmated"]
[WhiteElo "1668"]
[BlackElo "2708"]
[Opening "Vienna: `Frankenstein-Dracula' variation"]
[ECO "C27"]
[NIC "VG.02"]
[Time "22:51:43"]
[TimeControl "120+12"]

1. e4 e5 2. Nc3 Nf6 3. Bc4 Nxe4 4. Qh5 Nd6 5. Bb3 Nc6 6. Nb5 g6 7. Qf3 f5 8.
Qd5 Qe7 9. Nxc7+ Kd8 10. Nxa8 b6 11. Ba4 Bb7 12. Nxb6 axb6 13. Qb3 Kc7 14.
Ne2 Ne4 15. Qb5 Nd4 16. Nxd4 exd4 17. O-O Bc6 18. Qa6 Nc5 19. Qa7+ Bb7 20.
Bb3 Bg7 21. d3 Ra8 22. Bf4+ d6 23. Rae1 Be5 24. Rxe5 dxe5 25. Bg5 Qxg5 26.
Qxb7+ Nxb7 27. Re1 f4 28. h4 Qf5 29. Bd5 Rd8 30. Be4 Qf6 31. h5 Nc5 32. Bf3
Qg5 33. hxg6 hxg6 34. Kf1 e4 35. dxe4 d3 36. cxd3 Nxd3 37. Re2 Qb5 38. Rc2+
Nc5+ 39. Kg1 Qd3 40. Rc1 Qd2 41. Rd1 Qxd1+ 42. Bxd1 Rxd1+ 43. Kh2 Nxe4 44.
f3 Ng3 45. Kh3 Kd6 46. Kg4 Ke5 47. Kg5 Rd6 48. b3 b5 49. a4 bxa4 50. bxa4
Rb6 51. a5 Ra6 52. Kh6 Kf6 53. Kh7 g5 54. Kg8 Rxa5 55. Kh7 Ra8 56. Kh6 Rh8#
{White checkmated}
0-1

[Event "GambitGuide"]
[Site "Internet Chess Club"]
[Date "2014.10.30"]
[Round "1"]
[White "JSBach"]
[Black "hatorade"]
[Result "0-1"]
[ICCResult "White checkmated"]
[WhiteElo "1668"]
[BlackElo "1929"]
[Opening "Vienna: `Frankenstein-Dracula' variation"]
[ECO "C27"]
[NIC "VG.02"]
[Time "22:51:30"]
[TimeControl "120+12"]

1. e4 e5 2. Nc3 Nf6 3. Bc4 Nxe4 4. Qh5 Nd6 5. Bb3 Nc6 6. Nb5 g6 7. Qf3 f5 8.
Qd5 Qe7 9. Nxc7+ Kd8 10. Nxa8 b6 11. Ba4 Bb7 12. Nxb6 axb6 13. Qb3 b5 14.
Nf3 bxa4 15. Qxa4 e4 16. Nd4 Nxd4 17. Qxd4 Bg7 18. Qa7 Bc6 19. Qb8+ Nc8 20.
a4 Qd6 21. Qxd6 Nxd6 22. a5 Kc7 23. h4 h5 24. Rb1 Bb5 25. b3 Ra8 26. c4 Ba6
27. Bb2 Bxb2 28. Rxb2 f4 29. c5 Nb5 30. b4 Nd4 31. Rg1 Bb5 32. Kd1 Kc6 33.
Re1 Kd5 34. g3 f3 35. Kc1 d6 36. cxd6 Kxd6 37. Rxe4 Rc8+ 38. Kd1 Be2+ 39.
Rxe2 fxe2+ 40. Ke1 Rc1# {White checkmated} 0-1

[Event "GambitGuide"]
[Site "Internet Chess Club"]
[Date "2014.10.30"]
[Round "1"]
[White "JSBach"]
[Black "Ernie1"]
[Result "1-0"]
[ICCResult "Black resigns"]
[WhiteElo "1668"]
[BlackElo "1381"]
[Opening "Vienna: `Frankenstein-Dracula' variation"]
[ECO "C27"]
[NIC "VG.02"]
[Time "22:52:07"]
[TimeControl "120+12"]

1. e4 e5 2. Nc3 Nf6 3. Bc4 Nxe4 4. Qh5 Nd6 5. Bb3 Nc6 6. Nb5 g6 7. Qf3 f5 8.
Qd5 Qe7 9. Nxc7+ Kd8 10. Nxa8 b6 11. Ba4 Bb7 12. Nxb6 axb6 13. Qb3 Kc7 14.
Ne2 Qg5 15. O-O Nd4 16. Qc3+ Kb8 17. Qh3 Ne4 18. Nxd4 exd4 19. d3 Nf6 20.
Bxg5 {Black resigns} 1-0